 Dungeon Crawl Stone Soup version 0.28.0-45-g0d030f2227 (webtiles) character file.

Game seed: 17340717659278362566

38 McKennaii the Skirmisher (level 3, -7/29 HPs)
             Began as a Demonspawn Fighter on Apr 6, 2022.
             Mangled by Sigmund
             ... wielding a +0 scythe
              (9 damage)
             ... on level 2 of the Dungeon.
             The game lasted 00:01:19 (1472 turns).

McKennaii the Skirmisher (Demonspawn Fighter)       Turns: 1472, Time: 00:01:20

Health: -7/29      AC:  6    Str: 18    XL:     3   Next: 25%
Magic:  3/3        EV:  9    Int:  9    God:
Gold:   97         SH:  4    Dex: 12    Spells: 2/2 levels left

rFire   . . .      SeeInvis .   a - +0 trident
rCold   . . .      Faith    .   c - +0 buckler
rNeg    . . .      Spirit   .   b - +0 scale mail
rPois   .          Reflect  .   (no helmet)
rElec   .          Harm     .   (no cloak)
rCorr   .          Rampage  .   (no gloves)
Will    .....                   (no boots)
Stlth   ..........              i - amulet of regeneration
HPRegen 0.89/turn               (no ring)
MPRegen 0.08/turn               (no ring)

@: no status effects
A: claws 1, demonic magic 1
a: no special abilities


You were on level 2 of the Dungeon.
You visited 1 branch of the dungeon, and saw 2 of its levels.

You collected 97 gold pieces.

Inventory:

Hand Weapons
 a - a +0 trident (weapon)
Armour
 b - a +0 scale mail (worn)
 c - a +0 buckler (worn)
Jewellery
 i - an amulet of regeneration (around neck)
Scrolls
 f - a scroll of identify {unknown}
 j - a scroll of teleportation {unknown}
Potions
 d - a potion of might
 e - a potion of invisibility {unknown}
 g - a potion of attraction {unknown}
 h - 3 potions of heal wounds
 k - a potion of resistance {unknown}


   Skills:
 + Level 3.3 Fighting
 + Level 2.2 Polearms
 + Level 3.1 Armour
 + Level 3.0 Shields


You had 2 spell levels left.
You didn't know any spells.
Your spell library was empty.

Dungeon Overview and Level Annotations

Branches:
Dungeon (2/15)

Altars:

Annotations:
D:2 Sigmund


Innate Abilities, Weirdness & Mutations

You have sharp fingernails.
Spells you cast may paralyse adjacent enemies.


Message History

You reach to attack!
You puncture Sigmund!
Sigmund is moderately wounded.
You block Sigmund's attack.
Reach: a) +0 trident
Press: ? - help, Dir - move target, f/p - Sigmund
Aim: Sigmund, wielding a +0 scythe and wearing a +0 robe (moderately wounded, about 47% to evade your +0 trident)
You reach to attack!
You hit Sigmund.
Sigmund is heavily wounded.
Sigmund hits you from afar with a +0 scythe!
* * * LOW HITPOINT WARNING * * *
There is an open gate here.
Reach: a) +0 trident
Press: ? - help, Dir - move target, f/p - Sigmund
Aim: Sigmund, wielding a +0 scythe and wearing a +0 robe (heavily wounded, about 47% to evade your +0 trident)
You reach to attack!
You hit Sigmund.
Sigmund is severely wounded.
Sigmund hits you from afar with a +0 scythe.
* * * LOW HITPOINT WARNING * * *
Reach: a) +0 trident
Press: ? - help, Dir - move target, f/p - Sigmund
Aim: Sigmund, wielding a +0 scythe and wearing a +0 robe (severely wounded, about 47% to evade your +0 trident)
You reach to attack!
You hit Sigmund.
Sigmund is severely wounded.
Sigmund gestures at you while chanting. The magic dart hits you.
* * * LOW HITPOINT WARNING * * *
Reach: a) +0 trident
Press: ? - help, Dir - move target, f/p - Sigmund
Aim: Sigmund, wielding a +0 scythe and wearing a +0 robe (severely wounded, about 47% to evade your +0 trident)
You reach to attack!
You barely miss Sigmund.
Sigmund is severely wounded.
Sigmund hits you from afar with a +0 scythe.
* * * LOW HITPOINT WARNING * * *
Reach: a) +0 trident
Press: ? - help, Dir - move target, f/p - Sigmund
Aim: Sigmund, wielding a +0 scythe and wearing a +0 robe (severely wounded, about 47% to evade your +0 trident)
You reach to attack!
You hit Sigmund.
Sigmund is almost dead.
Sigmund hits you from afar with a +0 scythe!
You die...

################################.
.... ..# #. ..... #.# #.
<....#######.######## #.
...........#.#......# #.
.(.........#.#.####.# #.
...........#..†..##.# #.
.............#.#.##.####.
.......'@'..<#.#.##....#.
......@###...#.#.......## .......
#...#.#####...# .......
#####.#####...## .......
#........... ####### ############


You could see Sigmund.

Vanquished Creatures
  4 dart slugs
  4 endoplasms (D:1)
  2 hobgoblins (D:1)
  3 jackals (D:1)
  A quokka (D:2)
  2 ball pythons (D:2)
  5 bats
  3 frilled lizards
  3 kobolds (D:1)
  3 rats (D:1)
30 creatures vanquished.

Vanquished Creatures (others)
  5 toadstools (D:1)
5 creatures vanquished.

Grand Total: 35 creatures vanquished

Notes
Turn   | Place    | Note
-------+----------+-------------------------------------------
     0 | D:1      | McKennaii the Demonspawn Fighter began the quest for the
                  | Orb.
     0 | D:1      | Reached XP level 1. HP: 18/18 MP: 1/1
   398 | D:1      | Gained mutation: Spells you cast may paralyse adjacent
                  | enemies. [demonic ancestry]
   398 | D:1      | Reached XP level 2. HP: 23/24 MP: 2/2
   860 | D:1      | HP: 1/24 [hobgoblin (2)]
  1074 | D:2      | Gained mutation: You have sharp fingernails. [demonic
                  | ancestry]
  1074 | D:2      | Reached XP level 3. HP: 29/29 MP: 3/3
  1459 | D:2      | Noticed Sigmund
  1471 | D:2      | HP: 1/29 [Sigmund/+0 scythe (4)]
  1472 | D:2      | Mangled by Sigmund

Illustrated notes

Levels and vault maps discovered:
D:1:      ldierk_walled_garden, layout_loops_ring, minmay_split_cup_small
D:2:      layout_basic, uniq_sigmund

Skill      XL: |  1  2 |
---------------+-------+-----
Polearms       | 2 |  2.2
Armour         | 3 |  3.1
Shields        | 3 |  3.0
Fighting       | |  3.3

Action                   || total
-------------------------++-------
Melee: Trident           ||   129
  Use: Potion            ||     1
Armor: Scale mail        ||    46
Dodge: Dodged            ||    44
Block: Buckler           ||    21
